 Dungeon Crawl Stone Soup version 0.31.0-11-ge490571c62 (webtiles) character file.

Game seed: 5877511811522776716

15722 qw the Markself (level 12, -13/73 HPs)
             Began as a Deep Elf Hunter on Feb 3, 2024.
             Was a High Priest of Okawaru.
             Mangled by a komodo dragon (25 damage)
             ... on level 1 of the Lair of Beasts.
             The game lasted 00:04:06 (9751 turns).

qw the Markself (Deep Elf Hunter)                   Turns: 9751, Time: 00:04:07

Health: -13/73     AC: 13    Str: 10    XL:     12   Next: 3%
Magic:  17/21      EV: 20    Int: 16    God:    Okawaru [*****.]
Gold:   292        SH:  5    Dex: 18    Spells: 11/11 levels left

rFire   + . .        i - +6 orcbow
rCold   + . .        (shield currently unavailable)
rNeg    + . .        c - +1 ring mail {rPois}
rPois   +            m - +2 hat
rElec   .            n - +0 cloak
rCorr   .            (no gloves)
SInv    .            r - +1 pair of boots
Will    +....        j - amulet of reflection
Stlth   +++          k - ring of positive energy
HPRegen 0.32/turn    (no ring)
MPRegen 0.17/turn

%: reflection
@: about to teleport, heroic, finesse-ful, marked
A: talons 1, cold resistance 1, fire resistance 1, weak 1, sturdy frame 1
a: Renounce Religion, Heroism, Finesse, Duel


You were on level 1 of the Lair of Beasts.
You worshipped Okawaru.
Okawaru was extremely pleased with you.
You visited 3 branches of the dungeon, and saw 12 of its levels.

You collected 670 gold pieces.
You spent 378 gold pieces at shops.


Innate Abilities, Weirdness & Mutations

You have sharp toenails.
Your flesh is cold resistant. (rC+)
Your flesh is heat resistant. (rF+)
You are weak. (Str -2)
Your movements are slightly less encumbered by armour. (ER -2)


   Skills:
 - Level 8.0(13.0) Fighting
 - Level 16.0(21.0) Ranged Weapons
 + Level 3.2(8.2) Armour
 - Level 10.0(15.0) Dodging
 - Level 1.2(6.2) Stealth
 - Level 10.0 Invocations


You had 11 spell levels left.
You didn't know any spells.
Your spell library was empty.

Inventory:

Hand Weapons
 i - a +6 orcbow (weapon)
Armour
 c - a +1 ring mail of poison resistance (worn)
 m - a +2 hat (worn)
 n - a +0 cloak (worn)
 q - the +3 ring mail of the Morning {Will++ Dex-4}
   (You found it on level 10 of the Dungeon)

   Dex-4:     It affects your dexterity (-4).
   Will++:    It greatly increases your willpower.
 r - a +1 pair of boots (worn)
Jewellery
 j - an amulet of reflection (around neck)
 k - a ring of positive energy (left hand)
 s - a ring of fire
Wands
 e - a wand of roots (23)
 g - a wand of mindburst (33)
Scrolls
 a - a scroll of teleportation
Potions
 b - 2 potions of might
 d - 3 potions of curing
 f - 3 potions of enlightenment
 h - 2 potions of mutation
 l - a potion of resistance {unknown}
 o - a potion of haste

Dungeon Overview and Level Annotations

Branches:
Dungeon (10/15)            Temple (1/1) D:4            Lair (1/5) D:10
    Orc: D:9-12

Altars:
Ashenzari
Cheibriados
Dithmenos
Elyvilon
Fedhas
Gozag
Hepliaklqana
Kikubaaqudgha
Makhleb
Nemelex Xobeh
Okawaru
Qazlal
Ru
Sif Muna
Trog
Uskayaw
Vehumet
Wu Jian
Xom
Yredelemnul
Zin
The Shining One

Shops:
D:8 =   D:10 *


Message History

Enter note:
9740 ||| RETREEEEATING.
9741 ||| RETREEEEATING.
Enter note:
9742 ||| RETREEEEATING.
The komodo dragon bites you but does no damage.
The wolf completely misses you.
Enter note:
9743 ||| RETREEEEATING.
The bullfrog attacks as it pursues you! The bullfrog completely misses you.
The bullfrog misses you.
Enter note:
9744 ||| RETREEEEATING.
The wolf attacks as it pursues you! The wolf misses you.
The wolf completely misses you. The wolf misses you.
You see here 16 gold pieces.
You shoot an arrow. The arrow hits the wolf!
The wolf is moderately wounded.
The wolf closely misses you.
You shoot an arrow. The arrow hits the wolf!!
You kill the wolf!
Okawaru accepts your kill. The wolf bites you but does no damage.
You shoot an arrow. The arrow hits the wolf!!
You kill the wolf!
Okawaru accepts your kill.
You shoot an arrow. The arrow hits the komodo dragon!
The komodo dragon is moderately wounded.
You block the bullfrog's attack.
You shoot an arrow.
The arrow hits the komodo dragon but does no damage.
The komodo dragon is moderately wounded.
You shoot an arrow. The arrow hits the komodo dragon!!
The komodo dragon is severely wounded.
The komodo dragon bites you!! The bullfrog barely misses you.
9751 ||| READING 2 scrolls of teleportation.
As you read the scroll of teleportation, it crumbles to dust.
You feel strangely unstable. You block the bullfrog's attack.
The komodo dragon bites you!!
You die...

#.........................
#.........................
........#Y...#......###...
....#......####....## #
....#....h.## #..<..###
#...YhYh.# ##......##
#...YYYY## #.......###
#....Fl## #........#.
#....#@# ##.#.......
#....%..# ####......
###...... ##.....
#.......# ###... #.......#
##... #.......## #....
##......# ####. #......#
## #


You could see a komodo dragon, 7 yaks, 3 wolves and a bullfrog.

Vanquished Creatures
  Gastronok (D:8)
  2 two-headed ogres (D:9)
  Pikel (D:8)
  Maurice (D:10)
  A cane toad (Lair:1)
  Jeremiah (D:7)
  Maggie (D:8)
  An unseen horror (D:10)
  2 komodo dragons
  4 trolls
  3 hornets
  4 blink frogs
  3 wyverns
  Sigmund (D:5)
  A wraith (D:10)
  Eustachio (D:5)
  17 yaks
  2 steam dragons
  A water moccasin (Lair:1)
  Duvessa (D:5)
  An ice beast (D:8)
  A sky beast (D:6)
  3 orc warriors
  A black bear (D:8)
  2 ogres (D:5)
  5 wolves
  A phantom (D:4)
  5 centaurs
  A lemure (D:8)
  4 kobold brigands
  3 bullfrogs
  4 gnoll sergeants
  3 scorpions
  11 wights
  Dowan (D:5)
  13 killer bees
  3 electric eels
  2 howler monkeys (D:8)
  A bombardier beetle (D:4)
  A jelly (D:6)
  5 orc priests
  A gnoll bouda (D:5)
  8 hounds
  Ijyb (D:4)
  7 iguanas
  12 orc wizards
  15 gnolls
  5 adders
  A shadow imp (D:4)
  2 ufetubi (D:5)
  4 dart slugs
  28 orcs
  4 ball pythons
  5 bats
  4 endoplasms
  A giant cockroach (D:1)
  8 goblins
  9 hobgoblins
  7 jackals (D:2)
  3 quokkas
  4 frilled lizards
  15 kobolds
  4 rats
268 creatures vanquished.

Notes
Turn   | Place    | Note
-------+----------+-------------------------------------------
     0 | D:1      | qw the Deep Elf Hunter began the quest for the Orb.
     0 | D:1      | Reached XP level 1. HP: 12/12 MP: 3/3
     0 | D:1      | 0 ||| qw: Version: 0.3-a-155-g5e7d8dd
     0 | D:1      | 0 ||| qw: Game counter: 3079
     0 | D:1      | 0 ||| qw: Melee chars always use a shield: true
     0 | D:1      | 0 ||| qw: God list: Okawaru
     0 | D:1      | 0 ||| qw: Allow faded altars: false
     0 | D:1      | 0 ||| qw: Do Orc after clearing Dungeon:15 true
     0 | D:1      | 0 ||| qw: Do second Lair branch before Depths: true
     0 | D:1      | 0 ||| qw: Lair rune preference: random
     0 | D:1      | 0 ||| qw: Goals: Normal
     0 | D:1      | 0 ||| PLANNING D:1-11
    55 | D:1      | Reached XP level 2. HP: 16/16 MP: 4/4
    61 | D:1      | Reached skill level 6 in Ranged Weapons
   605 | D:1      | 605 ||| UPGRADING to +0 ring mail.
   615 | D:1      | 615 ||| DROPPING +0 leather armour.
   616 | D:1      | 616 ||| UPGRADING to amulet of reflection.
   621 | D:1      | 621 ||| READING scroll labelled BAOTHA ODUAGU.
   626 | D:1      | 626 ||| READING scroll labelled WIFAUG SOZUKIO.
   626 | D:1      | 626 ||| ENCHANTING +0 shortbow.
   627 | D:1      | 627 ||| READING scroll labelled SOVEUM QAVVA.
   627 | D:1      | 627 ||| IDENTIFYING amethyst potion
   628 | D:1      | 628 ||| DRINKING 2 purple potions.
   629 | D:1      | 629 ||| DROPPING scroll of butterflies.
   724 | D:2      | Reached XP level 3. HP: 19/20 MP: 5/5
   879 | D:2      | Reached skill level 7 in Ranged Weapons
  1181 | D:2      | 1181 ||| READING scroll labelled ONTASHRIHOA.
  1182 | D:2      | 1182 ||| DRINKING 2 lumpy white potions.
  1182 | D:2      | Gained mutation: Your movements are slightly less
                  | encumbered by armour. (ER -2) [potion of mutation]
  1182 | D:2      | Gained mutation: You are weak. (Str -2) [potion of
                  | mutation]
  1182 | D:2      | Gained mutation: You have hidden genetic potential. [potion
                  | of mutation]
  1182 | D:2      | Gained mutation: You have sharp toenails. [potion of
                  | mutation]
  1416 | D:3      | Reached XP level 4. HP: 25/25 MP: 6/6
  1423 | D:3      | Reached skill level 8 in Ranged Weapons
  1429 | D:3      | Gained mutation: Your flesh is heat resistant. (rF+)
                  | [hidden potential]
  1729 | D:3      | Reached XP level 5. HP: 29/29 MP: 7/7
  1941 | D:3      | 1941 ||| READING 3 scrolls of identify.
  1941 | D:3      | 1941 ||| IDENTIFYING green potion
  1942 | D:3      | 1942 ||| READING 2 scrolls of identify.
  1942 | D:3      | 1942 ||| IDENTIFYING cyan potion
  1943 | D:3      | 1943 ||| READING scroll of identify.
  1943 | D:3      | 1943 ||| IDENTIFYING 2 silvery potions
  1944 | D:3      | 1944 ||| READING scroll labelled SIHYMN GOXEXTOS.
  1945 | D:3      | 1945 ||| DROPPING potion of degeneration.
  2009 | D:4      | Found a staircase to the Ecumenical Temple.
  2010 | D:4      | 2010 ||| PLANNING TEMPLE
  2026 | Temple   | Found a transporter.
  2026 | Temple   | Found a transporter.
  2026 | Temple   | Found a transporter.
  2026 | Temple   | Found a transporter.
  2026 | Temple   | Entered the Ecumenical Temple
  2027 | Temple   | 2027 ||| PLANNING D:1-11
  2047 | Temple   | 2047 ||| PLANNING OKAWARU WORSHIP
  2053 | Temple   | Became a worshipper of Warmaster Okawaru
  2054 | Temple   | 2054 ||| PLANNING D:1-11
  2120 | D:4      | Noticed Ijyb
  2128 | D:4      | HP: 5/29 [Ijyb/+0 dagger (4)]
  2129 | D:4      | 2129 ||| DRINKING potion of heal wounds.
  2142 | D:4      | Killed Ijyb
  2143 | D:4      | Reached skill level 9 in Ranged Weapons
  2153 | D:4      | Gained mutation: Your flesh is cold resistant. (rC+)
                  | [hidden potential]
  2153 | D:4      | Lost mutation: You have hidden genetic potential. [hidden
                  | potential expressed]
  2315 | D:4      | Reached XP level 6. HP: 36/36 MP: 8/8
  2547 | D:4      | Reached * piety under Okawaru
  2548 | D:4      | Reached skill level 10 in Ranged Weapons
  2643 | D:4      | 2643 ||| UPGRADING to +1 ring mail of poison resistance.
  2653 | D:4      | 2653 ||| DROPPING +0 ring mail.
  2654 | D:4      | 2654 ||| READING scroll of identify.
  2654 | D:4      | 2654 ||| IDENTIFYING murky brown potion
  2655 | D:4      | 2655 ||| READING scroll labelled HEMYSA ICVUGU.
  2656 | D:4      | 2656 ||| READING scroll labelled VIDAMO YGUR.
  2656 | D:4      | 2656 ||| BRANDING +1 shortbow.
  2657 | D:4      | 2657 ||| DROPPING potion of lignification.
  2667 | D:5      | Entered Level 5 of the Dungeon
  2675 | D:5      | Reached skill level 3 in Dodging
  2675 | D:5      | Reached skill level 1 in Invocations
  2792 | D:5      | Reached XP level 7. HP: 35/40 MP: 10/10
  3004 | D:5      | 3004 ||| SWAPPING to +0 orcbow.
  3005 | D:5      | 3005 ||| DROPPING +1 heavy shortbow.
  3064 | D:5      | Reached skill level 3 in Invocations
  3215 | D:5      | Noticed Duvessa
  3215 | D:5      | Noticed Dowan
  3217 | D:5      | 3217 ||| INVOKING Heroism.
  3223 | D:5      | Killed Duvessa
  3229 | D:5      | Killed Dowan
  3230 | D:5      | Reached skill level 11 in Ranged Weapons
  3352 | D:5      | Found a hide-covered altar of Uskayaw.
  3352 | D:5      | Noticed Eustachio
  3353 | D:5      | 3353 ||| INVOKING Heroism.
  3364 | D:5      | Killed Eustachio
  3365 | D:5      | Reached XP level 8. HP: 41/45 MP: 11/13
  3623 | D:5      | Noticed Sigmund
  3624 | D:5      | 3624 ||| INVOKING Heroism.
  3631 | D:5      | Killed Sigmund
  3631 | D:5      | Reached ** piety under Okawaru
  3687 | D:5      | Reached skill level 12 in Ranged Weapons
  3736 | D:5      | Reached skill level 3 in Fighting
  3955 | D:5      | 3955 ||| DROPPING scarf of harm.
  3956 | D:5      | 3956 ||| UPGRADING to ring of positive energy.
  3957 | D:5      | 3957 ||| READING 2 scrolls of identify.
  3957 | D:5      | 3957 ||| IDENTIFYING scroll labelled MIM HAMMAEHOFA
  3958 | D:5      | 3958 ||| DROPPING scroll of revelation.
  4101 | D:6      | Found a bloodstained altar of Trog.
  4116 | D:6      | 4116 ||| READING scroll of enchant weapon.
  4116 | D:6      | 4116 ||| ENCHANTING +0 orcbow.
  4341 | D:6      | Reached skill level 13 in Ranged Weapons
  4614 | D:6      | 4614 ||| READING 3 scrolls of enchant weapon.
  4614 | D:6      | 4614 ||| ENCHANTING +1 orcbow.
  4615 | D:6      | 4615 ||| READING 2 scrolls of enchant weapon.
  4615 | D:6      | 4615 ||| ENCHANTING +2 orcbow.
  4616 | D:6      | 4616 ||| READING scroll of enchant weapon.
  4616 | D:6      | 4616 ||| ENCHANTING +3 orcbow.
  4930 | D:6      | Noticed a hornet
  4934 | D:6      | 4934 ||| DRINKING 2 potions of curing.
  4934 | D:6      | 4934 ||| (to cure confusion)
  4936 | D:6      | 4936 ||| INVOKING Heroism.
  4943 | D:6      | Killed a hornet
  4944 | D:6      | Reached XP level 9. HP: 48/50 MP: 11/14
  4956 | D:6      | Reached skill level 14 in Ranged Weapons
  5214 | D:6      | 5214 ||| READING scroll of identify.
  5214 | D:6      | 5214 ||| IDENTIFYING fuming white potion
  5215 | D:6      | 5215 ||| DROPPING potion of attraction.
  5216 | D:6      | 5216 ||| DROPPING wand of flame (20).
  5274 | D:7      | 5274 ||| RETREEEEATING.
  5275 | D:7      | 5275 ||| RETREEEEATING.
  5278 | D:7      | 5278 ||| INVOKING Heroism.
  5306 | D:7      | Reached *** piety under Okawaru
  5491 | D:7      | Noticed Jeremiah
  5492 | D:7      | 5492 ||| INVOKING Heroism.
  5508 | D:7      | Killed Jeremiah
  5515 | D:7      | Reached skill level 15 in Ranged Weapons
  5596 | D:7      | 5596 ||| READING scroll of enchant weapon.
  5596 | D:7      | 5596 ||| ENCHANTING +4 orcbow.
  5788 | D:7      | 5788 ||| RETREEEEATING.
  5789 | D:7      | 5789 ||| RETREEEEATING.
  5807 | D:7      | Reached **** piety under Okawaru
  5899 | D:7      | 5899 ||| READING 2 scrolls of identify.
  5899 | D:7      | 5899 ||| IDENTIFYING scroll labelled XEYMEOROYSCH
  5900 | D:7      | 5900 ||| DROPPING scroll of fog.
  5980 | D:8      | Reached skill level 16 in Ranged Weapons
  6049 | D:8      | Noticed Gastronok
  6051 | D:8      | 6051 ||| INVOKING Finesse.
  6066 | D:8      | Killed Gastronok
  6066 | D:8      | Reached ***** piety under Okawaru
  6067 | D:8      | Reached skill level 6 in Dodging
  6067 | D:8      | Reached skill level 6 in Invocations
  6067 | D:8      | Reached XP level 10. HP: 55/56 MP: 10/16
  6216 | D:8      | Noticed Pikel
  6220 | D:8      | 6220 ||| INVOKING Finesse.
  6221 | D:8      | 6221 ||| INVOKING Finesse.
  6231 | D:8      | Killed Pikel
  6375 | D:8      | Found Sofevabb's Jewellery Shoppe.
  6385 | D:8      | 6385 ||| SHOPLISTING ring "Tileapterch" {Str+6 SInv} (613
                  | gold, have 494).
  6385 | D:8      | 6385 ||| BUYING ring of fire (325 gold).
  6385 | D:8      | Bought a ring of fire for 325 gold pieces
  6385 | D:8      | 6385 ||| SHOPLISTING ring of protection from cold (325
                  | gold, have 169).
  6385 | D:8      | 6385 ||| SHOPLISTING ring of see invisible (195 gold, have
                  | 169).
  6560 | D:8      | 6560 ||| RETREEEEATING.
  6562 | D:8      | 6562 ||| RETREEEEATING.
  6564 | D:8      | 6564 ||| RETREEEEATING.
  6566 | D:8      | Received a gift from Okawaru
  6702 | D:8      | Noticed Maggie
  6703 | D:8      | 6703 ||| INVOKING Finesse.
  6719 | D:8      | Killed Maggie
  6920 | D:8      | 6920 ||| UPGRADING to +2 hat.
  7010 | D:9      | Noticed a two-headed ogre
  7011 | D:9      | 7011 ||| INVOKING Finesse.
  7027 | D:9      | Killed a two-headed ogre
  7170 | D:9      | 7170 ||| RETREEEEATING.
  7180 | D:9      | 7180 ||| INVOKING Finesse.
  7196 | D:9      | Reached XP level 11. HP: 35/64 MP: 14/19
  7201 | D:9      | Reached skill level 6 in Fighting
  7205 | D:9      | 7205 ||| Stepping randomly (disturbance).
  7565 | D:9      | 7565 ||| READING scroll of enchant weapon.
  7565 | D:9      | 7565 ||| ENCHANTING +5 orcbow.
  7657 | D:9      | Reached skill level 9 in Invocations
  8115 | D:9      | Noticed a two-headed ogre
  8117 | D:9      | 8117 ||| INVOKING Finesse.
  8129 | D:9      | Killed a two-headed ogre
  8460 | D:9      | Found a white marble altar of Elyvilon.
  8467 | D:9      | 8467 ||| READING 2 scrolls of identify.
  8467 | D:9      | 8467 ||| IDENTIFYING coppery potion
  8468 | D:9      | 8468 ||| READING scroll of identify.
  8468 | D:9      | 8468 ||| IDENTIFYING scroll labelled QURGHU ROUGOCW
  8469 | D:9      | 8469 ||| READING scroll labelled BARECI BUHAY.
  8470 | D:9      | 8470 ||| DROPPING scroll of summoning.
  8500 | D:10     | Entered Level 10 of the Dungeon
  8500 | D:10     | Found Migear's Assorted Antiques.
  8508 | D:10     | 8508 ||| BUYING fuming golden potion (25 gold).
  8508 | D:10     | Bought a fuming golden potion for 25 gold pieces
  8508 | D:10     | 8508 ||| BUYING scroll labelled GACKIKL KIOT (28 gold).
  8508 | D:10     | Bought a scroll labelled GACKIKL KIOT for 28 gold pieces
  8525 | D:10     | Reached skill level 9 in Dodging
  8552 | D:10     | Found a staircase to the Lair.
  8564 | D:10     | Identified the +3 ring mail of the Morning {Will++ Dex-4}
  8838 | D:10     | Noticed Maurice
  8851 | D:10     | Maurice stole a ring of fire
  8853 | D:10     | Killed Maurice
  8957 | D:10     | Received a gift from Okawaru
  9007 | D:10     | 9007 ||| INVOKING Finesse.
  9072 | D:10     | Found a flagged portal.
  9083 | D:10     | 9083 ||| Stepping randomly (disturbance).
  9084 | D:10     | 9084 ||| Stepping randomly (disturbance).
  9085 | D:10     | 9085 ||| Stepping randomly (disturbance).
  9086 | D:10     | 9086 ||| UPGRADING to +0 cloak.
  9140 | D:10     | 9140 ||| UPGRADING to +0 pair of boots.
  9349 | D:10     | 9349 ||| PLANNING LAIR
  9349 | D:10     | 9349 ||| DROPPING amulet of regeneration.
  9350 | D:10     | 9350 ||| READING scroll labelled GACKIKL KIOT.
  9350 | D:10     | 9350 ||| ENCHANTING +0 pair of boots.
  9385 | Lair:1   | Entered Level 1 of the Lair of Beasts
  9389 | Lair:1   | 9389 ||| STAIRDANCE
  9400 | D:10     | Reached skill level 3 in Armour
  9484 | Lair:1   | 9484 ||| STAIRDANCE
  9494 | Lair:1   | 9494 ||| STAIRDANCE
  9516 | Lair:1   | 9516 ||| STAIRDANCE
  9520 | Lair:1   | 9520 ||| STAIRDANCE
  9560 | Lair:1   | 9560 ||| STAIRDANCE
  9702 | Lair:1   | 9702 ||| RETREEEEATING.
  9703 | Lair:1   | 9703 ||| RETREEEEATING.
  9704 | Lair:1   | 9704 ||| RETREEEEATING.
  9705 | Lair:1   | 9705 ||| RETREEEEATING.
  9706 | Lair:1   | 9706 ||| RETREEEEATING.
  9707 | Lair:1   | 9707 ||| RETREEEEATING.
  9708 | Lair:1   | 9708 ||| RETREEEEATING.
  9709 | Lair:1   | 9709 ||| RETREEEEATING.
  9710 | Lair:1   | 9710 ||| RETREEEEATING.
  9711 | Lair:1   | 9711 ||| RETREEEEATING.
  9712 | Lair:1   | 9712 ||| INVOKING Finesse.
  9714 | Lair:1   | 9714 ||| INVOKING Heroism.
  9727 | Lair:1   | Reached XP level 12. HP: 32/73 MP: 14/21
  9732 | Lair:1   | 9732 ||| RETREEEEATING.
  9733 | Lair:1   | 9733 ||| RETREEEEATING.
  9734 | Lair:1   | 9734 ||| RETREEEEATING.
  9735 | Lair:1   | 9735 ||| RETREEEEATING.
  9736 | Lair:1   | 9736 ||| RETREEEEATING.
  9737 | Lair:1   | 9737 ||| RETREEEEATING.
  9738 | Lair:1   | 9738 ||| RETREEEEATING.
  9739 | Lair:1   | 9739 ||| RETREEEEATING.
  9740 | Lair:1   | 9740 ||| RETREEEEATING.
  9741 | Lair:1   | 9741 ||| RETREEEEATING.
  9742 | Lair:1   | 9742 ||| RETREEEEATING.
  9743 | Lair:1   | 9743 ||| RETREEEEATING.
  9744 | Lair:1   | 9744 ||| RETREEEEATING.
  9750 | Lair:1   | HP: 11/73 [komodo dragon (22)]
  9751 | Lair:1   | 9751 ||| READING 2 scrolls of teleportation.
  9751 | Lair:1   | Mangled by a komodo dragon

Levels and vault maps discovered:
D:1:      lightli_arrival_boilingwater, layout_loops_ring, nicolae_titane
D:2:      layout_basic
D:3:      layout_loops_corners, mrwooster_statue_mirror
D:4:      layout_rooms, minmay_temple_entry_statues_pillars, hex_large,
          minmay_misc_feat_rugged, uniq_ijyb
D:5:      layout_loops_corners, mainiacjoe_overflow_alcove_1, uniq_eustachio,
          uniq_sigmund, uniq_duvessa
D:6:      layout_layer_cave, bloody_trog
D:7:      layout_rooms, uniq_jeremiah
D:8:      layout_loops_ring, serial_shops, nicolae_shop_hallway_plus,
          uniq_pikel, uniq_maggie, uniq_gastronok
D:9:      kennysheep_spiral_hall, layout_basic, nicolae_elyvilon_temple_path,
          minmay_diced_spiral
D:10:     layout_loops_cross, erik_lair_island, enter_bailey_4,
          nicolae_stop_n_shop_2, hangedman_abyss_or_decor_stabs,
          minmay_liquid_box, uniq_maurice
Temple:   hellmonk_temple_divided_pantheon
Lair:1:   layout_hall_layers

Skill      XL: |  1  2  3  4  5  6  7  8  9 10 11 12 |
---------------+-------------------------------------+-----
Ranged Weapons | 6 7 8 9 10 11 13 16 | 16.0
Fighting       | 2 3 4 5 7 8 |  8.0
Dodging        | 3 4 6 7 10 | 10.0
Invocations    | 1 4 6 8 10 | 10.0
Armour         | 2 3 |  3.2
Stealth        | |  1.2

Action                     |  1- 3 |  4- 6 |  7- 9 | 10-12 || total
---------------------------+-------+-------+-------+-------++-------
   Fire: Shortbow          |   110 |   147 |    22 |       ||   279
         Orcbow            |       |       |   292 |   453 ||   745
 Invoke: Heroism           |       |       |     6 |     1 ||     7
         Finesse           |       |       |     1 |     7 ||     8
    Use: Scroll            |     4 |     7 |     8 |     6 ||    25
         Potion            |     2 |     1 |     1 |       ||     4
 Armour: Leather armour    |     2 |       |       |       ||     2
         Ring mail         |    39 |    27 |    71 |    96 ||   233
  Dodge: Dodged            |    34 |    26 |    93 |   126 ||   279
  Block: Other             |    12 |    12 |    26 |    35 ||    85
         Reflection        |     1 |       |     1 |     3 ||     5

Table legend:
 A = Non-vault XP
 B = Vault XP
 C = Vault XP percentage of total XP
 D = Non-vault monster count
 E = Vault monster count
 F = Vault count percentage of total count
                 A         B        C        D         E       F
            +---------+---------+-------+---------+---------+-------
      Total |   16629 |    5831 |  26.0 |     235 |      32 |  12.0
            +---------+---------+-------+---------+---------+-------
        D:1 |      36 |       0 |   0.0 |      21 |       0 |   0.0
        D:2 |      43 |       0 |   0.0 |      19 |       0 |   0.0
        D:3 |     160 |       0 |   0.0 |      14 |       0 |   0.0
        D:4 |     326 |      36 |   9.9 |      19 |       1 |   5.0
        D:5 |     721 |     620 |  46.2 |      30 |       4 |  11.8
        D:6 |    1101 |       0 |   0.0 |      20 |       0 |   0.0
        D:7 |    1591 |     353 |  18.2 |      23 |       1 |   4.2
        D:8 |    1824 |    2530 |  58.1 |      21 |       3 |  12.5
        D:9 |    5156 |     944 |  15.5 |      40 |       9 |  18.4
       D:10 |    3660 |    1348 |  26.9 |      19 |      14 |  42.4
     Lair:1 |    2011 |       0 |   0.0 |       9 |       0 |   0.0
            +---------+---------+-------+---------+---------+-------
